MLB
SEATTLE MARINERS @ HOUSTON ASTROS
06/06/2018
 
TOP OF THE 1ST
Seattle Mariners batting - Pitching for Houston Astros : LHP Hyun-jin Ryu
Pitching: LHP Hyun-jin Ryu
Batting: LHB Ben Revere 0-0: SOLO HOME RUN (Flyball, 7D), Distance : 390 ft
Batting: RHB Matt Kemp 0-0: Called Strike
0-1: Called Strike
0-2: Ground out 6-3 (Groundball, 6)
Batting: RHB Manny Machado 0-0: Ball
1-0: Called Strike
1-1: Ball
2-1: Ground out 1-3 (Groundball, 13)
Batting: RHB Kris Bryant 0-0: Called Strike
0-1: Ball
1-1: Ball
2-1: Ground out 2-3 (Groundball, 2R)
Top of the 1st over - 1 run, 1 hit, 0 errors, 0 left on base; Seattle 1 - Houston 0
BOTTOM OF THE 1ST
Houston Astros batting - Pitching for Seattle Mariners : RHP Gabriel Ynoa
Pitching: RHP Gabriel Ynoa
Batting: LHB Gregory Polanco 0-0: Called Strike
0-1: Ball
1-1: Ball
2-1: Ball
3-1: Fly out, F7 (Flyball, 7D)
Batting: RHB Xander Bogaerts 0-0: Ball
1-0: Ball
2-0: Ball
3-0: Base on Balls
Batting: LHB Rougned Odor 0-0: Fielders Choice at 2nd, 4-6 (Groundball, 34)
Batting: LHB Colin Moran 0-0: Called Strike
0-1: Foul Ball, location: 2F
0-2: Ball
1-2: Ball
2-2: Ball
Rougned Odor is caught stealing 2nd base 2-6
Bottom of the 1st over - 0 runs, 0 hits, 0 errors, 0 left on base; Seattle 1 - Houston 0
TOP OF THE 2ND
Seattle Mariners batting - Pitching for Houston Astros : LHP Hyun-jin Ryu
Batting: RHB Yadier Molina 0-0: Ball
1-0: Foul Ball, location: 2F
1-1: Fly out, F4 (Popup, 3DF)
Batting: LHB Brandon Nimmo 0-0: Foul Ball, location: 2F
0-1: Foul Ball, location: 2F
0-2: Foul Ball, location: 2F
0-2: Strikes out looking
Batting: RHB Christian Villanueva 0-0: Ball
1-0: Ball
2-0: Ball
3-0: Called Strike
3-1: Foul Ball, location: 2F
3-2: Base on Balls
Batting: LHB Preston Tucker 0-0: Foul Ball, location: 2F
0-1: SINGLE (Line Drive, 78S)
Christian Villanueva to second
Batting: RHB Juremi Profar 0-0: Ball
1-0: Ground out 4-3 (Groundball, 4)
Top of the 2nd over - 0 runs, 1 hit, 0 errors, 2 left on base; Seattle 1 - Houston 0
BOTTOM OF THE 2ND
Houston Astros batting - Pitching for Seattle Mariners : RHP Gabriel Ynoa
Batting: LHB Colin Moran 0-0: Foul Ball, location: 2F
0-1: Ball
1-1: Ball
2-1: Ball
3-1: Fly out, F7 (Flyball, 78D)
Batting: LHB Dominic Smith 0-0: Foul Ball, location: 2F
0-1: Ball
1-1: Called Strike
1-2: Ball
2-2: Ground out 6-3 (Groundball, 4M)
Batting: RHB Josh Harrison 0-0: Called Strike
0-1: Called Strike
0-2: Ground out 6-3 (Groundball, 6)
Bottom of the 2nd over - 0 runs, 0 hits, 0 errors, 0 left on base; Seattle 1 - Houston 0
TOP OF THE 3RD
Seattle Mariners batting - Pitching for Houston Astros : LHP Hyun-jin Ryu
Batting: LHB Ben Revere 0-0: Ground out 5-3 (Groundball, 56)
Batting: RHB Matt Kemp 0-0: Ball
1-0: Ball
2-0: Called Strike
2-1: Ball
3-1: SOLO HOME RUN (Flyball, 9D), Distance : 379 ft
Batting: RHB Manny Machado 0-0: Swinging Strike
0-1: Ball
1-1: Called Strike
1-2: Strikes out swinging
Batting: RHB Kris Bryant 0-0: Foul Ball, location: 2F
0-1: Swinging Strike
0-2: Ball
1-2: Ball
2-2: Foul Ball, location: 2F
2-2: Foul Ball, location: 2F
2-2: Ball
3-2: Ground out 5-3 (Groundball, 56)
Top of the 3rd over - 1 run, 1 hit, 0 errors, 0 left on base; Seattle 2 - Houston 0
BOTTOM OF THE 3RD
Houston Astros batting - Pitching for Seattle Mariners : RHP Gabriel Ynoa
Batting: RHB Teoscar Hernandez 0-0: Ball
1-0: Called Strike
1-1: Ball
2-1: Swinging Strike
2-2: Ground out 4-3 (Groundball, 4M)
Batting: LHB Brock Holt 0-0: Ball
1-0: Swinging Strike
1-1: SINGLE (Line Drive, 34)
Batting: RHB Welington Castillo 0-0: Ball
1-0: Called Strike
1-1: Fly out, F7 (Flyball, 78M)
Batting: LHB Gregory Polanco 0-0: Ball
1-0: Called Strike
1-1: Ball
Wild Pitch!
Brock Holt to second
2-1: Called Strike
2-2: Ball
3-2: Foul Ball, location: 2F
3-2: Strikes out swinging
Bottom of the 3rd over - 0 runs, 1 hit, 0 errors, 1 left on base; Seattle 2 - Houston 0
TOP OF THE 4TH
Seattle Mariners batting - Pitching for Houston Astros : LHP Hyun-jin Ryu
Batting: RHB Yadier Molina 0-0: Ball
1-0: Fly out, F8 (Flyball, 8RS)
Batting: LHB Brandon Nimmo 0-0: Ball
1-0: Swinging Strike
1-1: Called Strike
1-2: Ball
2-2: Ball
3-2: Foul Ball, location: 2F
3-2: Ground out 1-3 (Groundball, 13S)
Batting: RHB Christian Villanueva 0-0: Foul Ball, location: 2F
0-1: Ball
1-1: Called Strike
1-2: Strikes out looking
Top of the 4th over - 0 runs, 0 hits, 0 errors, 0 left on base; Seattle 2 - Houston 0
BOTTOM OF THE 4TH
Houston Astros batting - Pitching for Seattle Mariners : RHP Gabriel Ynoa
Batting: RHB Xander Bogaerts 0-0: Called Strike
0-1: SINGLE (Line Drive, 6D)
Batting: LHB Rougned Odor 0-0: Fielders Choice at 2nd, 1-6 (Groundball, 13S)
Batting: LHB Colin Moran 0-0: Grounds out, U3 (Groundball, 3L)
Batting: LHB Dominic Smith 0-0: Swinging Strike
0-1: Fly out, F8 (Flyball, 8LM)
Bottom of the 4th over - 0 runs, 1 hit, 0 errors, 1 left on base; Seattle 2 - Houston 0
TOP OF THE 5TH
Seattle Mariners batting - Pitching for Houston Astros : LHP Hyun-jin Ryu
Batting: LHB Preston Tucker 0-0: Ball
1-0: Ball
2-0: Ball
3-0: Called Strike
3-1: Foul Ball, location: 2F
3-2: Fly out, F8 (Flyball, 8RD)
Batting: RHB Juremi Profar 0-0: Ball
1-0: Ball
2-0: Called Strike
2-1: Ball
3-1: Foul Ball, location: 2F
3-2: Foul Ball, location: 2F
3-2: Ground out 6-3 (Groundball, 6M)
Batting: LHB Ben Revere 0-0: Ball
1-0: Fly out, F9 (Flyball, 89S)
Top of the 5th over - 0 runs, 0 hits, 0 errors, 0 left on base; Seattle 2 - Houston 0
BOTTOM OF THE 5TH
Houston Astros batting - Pitching for Seattle Mariners : RHP Gabriel Ynoa
Batting: RHB Josh Harrison 0-0: Ball
1-0: Ball
2-0: Called Strike
2-1: Fly out, F5 (Popup, 56S)
Batting: RHB Teoscar Hernandez 0-0: Ball
1-0: Bunt for hit to 23 - play at first, batter OUT! 3-4
Batting: LHB Brock Holt 0-0: Called Strike
0-1: SINGLE (Line Drive, 8LS)
Batting: RHB Welington Castillo 0-0: Ball
Brock Holt steals 2nd base
1-0: Fly out, F7 (Flyball, 7D)
Bottom of the 5th over - 0 runs, 1 hit, 0 errors, 1 left on base; Seattle 2 - Houston 0
TOP OF THE 6TH
Seattle Mariners batting - Pitching for Houston Astros : LHP Hyun-jin Ryu
Batting: RHB Matt Kemp 0-0: Called Strike
0-1: Ball
1-1: Foul Ball, location: 2F
1-2: Ground out 6-3 (Groundball, 6)
Batting: RHB Manny Machado 0-0: Called Strike
0-1: Ball
1-1: Fly out, F3 (Popup, 3SF)
Batting: RHB Kris Bryant 0-0: Ball
1-0: Ball
2-0: Swinging Strike
2-1: Swinging Strike
2-2: Ball
3-2: SINGLE (Flyball, 4MD)
Batting: RHB Yadier Molina 0-0: Ball
1-0: Ball
2-0: Swinging Strike
2-1: Ball
3-1: Base on Balls
Kris Bryant to second
Pitching: RHP Jose A. Ramirez
Batting: LHB Brandon Nimmo 0-0: Ball
1-0: Foul Ball, location: 2F
1-1: Swinging Strike
1-2: Strikes out swinging
Top of the 6th over - 0 runs, 1 hit, 0 errors, 2 left on base; Seattle 2 - Houston 0
BOTTOM OF THE 6TH
Houston Astros batting - Pitching for Seattle Mariners : RHP Gabriel Ynoa
Batting: LHB Gregory Polanco 0-0: Called Strike
0-1: Bunt for hit to 25 - play at first, batter OUT! 5-3
Batting: RHB Xander Bogaerts 0-0: Ball
1-0: Fly out, F7 (Flyball, 78S)
Batting: LHB Rougned Odor 0-0: Ball
1-0: Swinging Strike
1-1: Foul Ball, location: 2F
1-2: Foul Ball, location: 2F
1-2: Ball
2-2: Strikes out looking
Bottom of the 6th over - 0 runs, 0 hits, 0 errors, 0 left on base; Seattle 2 - Houston 0
TOP OF THE 7TH
Seattle Mariners batting - Pitching for Houston Astros : RHP Jose A. Ramirez
Batting: RHB Christian Villanueva 0-0: Called Strike
0-1: Foul Ball, location: 2F
0-2: Ball
1-2: Ground out U3 (Groundball, 34S)
Batting: LHB Preston Tucker 0-0: Ball
1-0: Called Strike
1-1: Foul Ball, location: 2F
1-2: Strikes out swinging
Batting: RHB Juremi Profar 0-0: Foul Ball, location: 2F
0-1: SINGLE (Groundball, 25) (infield hit)
Batting: LHB Ben Revere 0-0: Called Strike
0-1: Ball
1-1: Fielders Choice at 2nd, 6-4 (Groundball, 6)
Top of the 7th over - 0 runs, 1 hit, 0 errors, 1 left on base; Seattle 2 - Houston 0
BOTTOM OF THE 7TH
Houston Astros batting - Pitching for Seattle Mariners : RHP Gabriel Ynoa
Batting: LHB Colin Moran 0-0: Ball
1-0: Swinging Strike
1-1: Ball
2-1: SINGLE (Groundball, 4MD)
Batting: LHB Dominic Smith 0-0: Called Strike
0-1: Swinging Strike
0-2: Foul Ball, location: 2F
0-2: Foul Ball, location: 2F
0-2: Foul Ball, location: 2F
0-2: Ball
1-2: Ball
2-2: 2-RUN HOME RUN (Flyball, 9LD), Distance : 337 ft
Pitching: RHP Heath Hembree
Batting: RHB Josh Harrison 0-0: Called Strike
0-1: SINGLE (Line Drive, 7S)
Batting: RHB Teoscar Hernandez 0-0: Ball
1-0: Ball
2-0: Foul Ball, location: 2F
2-1: Fly out, F3 (Popup, 3F)
Batting: LHB Brock Holt 0-0: Called Strike
0-1: Ball
1-1: Ball
2-1: SINGLE (Line Drive, 56D)
Josh Harrison to second
Batting: RHB Welington Castillo 0-0: SINGLE (Groundball, 56D)
Josh Harrison to third
Brock Holt to second
Batting: LHB Gregory Polanco 0-0: Called Strike
0-1: Ball
1-1: Ball
2-1: Fly out, F7 (Flyball, 7)
Runner from 3rd tags up, SCORES, throw by LF
Batting: RHB Xander Bogaerts 0-0: Called Strike
0-1: Foul Ball, location: 2F
0-2: Ball
1-2: Strikes out swinging
Bottom of the 7th over - 3 runs, 5 hits, 0 errors, 2 left on base; Seattle 2 - Houston 3
TOP OF THE 8TH
Seattle Mariners batting - Pitching for Houston Astros : RHP Jose A. Ramirez
Pitching: RHP Alex Colome
Batting: RHB Matt Kemp 0-0: Called Strike
0-1: Foul Ball, location: 2F
0-2: Foul Ball, location: 2F
0-2: Foul Ball, location: 2F
0-2: SINGLE (Line Drive, 7LS)
Batting: RHB Manny Machado 0-0: Called Strike
0-1: Ball
1-1: Ball
2-1: Fly out, F7 (Flyball, 7D)
Batting: RHB Kris Bryant 0-0: Ball
1-0: Ball
2-0: Foul Ball, location: 2F
2-1: Fly out, F8 (Flyball, 8LM)
Batting: RHB Yadier Molina 0-0: Ball
1-0: Ground out 5-3 (Groundball, 56S)
Top of the 8th over - 0 runs, 1 hit, 0 errors, 1 left on base; Seattle 2 - Houston 3
BOTTOM OF THE 8TH
Houston Astros batting - Pitching for Seattle Mariners : RHP Heath Hembree
Pitching: LHP Jarlin Garcia
Batting: LHB Rougned Odor 0-0: Ball
1-0: Swinging Strike
1-1: Swinging Strike
1-2: Ball
2-2: Foul Ball, location: 2F
2-2: Foul Ball, location: 2F
2-2: Strikes out looking
Batting: LHB Colin Moran 0-0: SINGLE (Groundball, 3D)
Batting: LHB Dominic Smith 0-0: Foul Ball, location: 2F
0-1: Ball
1-1: Foul Ball, location: 2F
1-2: Ball
2-2: Strikes out swinging
Batting: RHB Josh Harrison 0-0: Ball
1-0: Ball
2-0: Fielders Choice at 2nd, 6-4 (Groundball, 6)
Bottom of the 8th over - 0 runs, 1 hit, 0 errors, 1 left on base; Seattle 2 - Houston 3
TOP OF THE 9TH
Seattle Mariners batting - Pitching for Houston Astros : RHP Alex Colome
Pitching: LHP A.J. Minter
Batting: LHB Brandon Nimmo 0-0: Ground out 4-3 (Groundball, 4)
Batting: RHB Christian Villanueva 0-0: Swinging Strike
0-1: Called Strike
0-2: Strikes out swinging
Pinch Hitting: RHB Cameron Maybin 0-0: Ball
1-0: Ball
2-0: Ball
3-0: Called Strike
3-1: Swinging Strike
3-2: Strikes out swinging
Top of the 9th over - 0 runs, 0 hits, 0 errors, 0 left on base; Seattle 2 - Houston 3
Monday, August 13th, 2018 - OOTP Baseball 19.7 Build 59